 Dungeon Crawl Stone Soup version 0.20.1-1-g8b1a95d (webtiles) character file.

2051 Nattfarinn the Skirmisher (level 9, -10/59 HPs)
             Began as a Gargoyle Berserker on Aug 1, 2017.
             Was a Priest of Trog.
             Mangled by an ogre
             ... wielding a +0 giant club
              (18 damage)
             ... on level 8 of the Dungeon.
             The game lasted 00:10:52 (4148 turns).

Nattfarinn the Skirmisher (Gargoyle Berserker)      Turns: 4148, Time: 00:10:52

Health: -10/59     AC: 14    Str: 16    XL:     9   Next: 25%
Magic:  9/9        EV: 11    Int:  8    God:    Trog [***...]
Gold:   126        SH:  0    Dex: 12    Spells: 8/8 levels left

rFire    . . .     SeeInvis .   n - +4 scythe
rCold    . . .     Gourm    .   (shield currently unavailable)
rNeg     + + .     Faith    .   z - +2 leather armour {MR+}
rPois    ∞         Spirit   .   (no helmet)
rElec    +         Reflect  .   o - +0 cloak
rCorr    .         Harm     .   E - +0 pair of gloves
MR       +....                  (no boots)
Stlth    +.........             (no amulet)
Regen    0.2/turn               I - -5 ring of strength (curse)
MPRegen  0.2/turn               L - ring of positive energy

@: no status effects
A: negative energy resistance 1, electricity resistance, unbreathing,
petrification resistance, rot immunity, AC +5
a: Berserk, Trog's Hand, Burn Spellbooks, Renounce Religion


You were on level 8 of the Dungeon.
You worshipped Trog.
Trog was most pleased with you.
You were hungry.

You visited 1 branch of the dungeon, and saw 8 of its levels.

You collected 346 gold pieces.
You spent 220 gold pieces at shops.

Inventory:

Hand Weapons
 a - a +0 mace
 n - a +4 scythe (weapon)
 r - a +2 quarterstaff of chaos
 w - a +0 shortbow of velocity
 y - a +0 mace of protection
Armour
 b - a +0 animal skin
 g - a +0 chain mail
 o - a +0 cloak (worn)
 z - a +2 leather armour of magic resistance (worn)
 E - a +0 pair of gloves (worn)
Jewellery
 m - an uncursed ring of flight
 A - an uncursed ring of resist corrosion
 D - a +2 ring of strength
 I - a cursed -5 ring of strength (left hand)
 L - a ring of positive energy (right hand)
Scrolls
 d - 5 scrolls of teleportation
 e - 2 scrolls of random uselessness
 h - 12 scrolls of identify
 i - a scroll of fear
 v - 2 scrolls of magic mapping
 B - 2 scrolls of enchant weapon
Potions
 j - 2 potions of resistance {unknown}
 k - 2 potions of degeneration {unknown}
 l - 2 potions of lignification {unknown}
 q - 2 potions of might {unknown}
 s - a potion of haste {unknown}
 x - a potion of heal wounds {unknown}
 C - a potion of flight {unknown}
 F - a potion of mutation {unknown}
 J - a potion of agility
Comestibles
 c - 8 bread rations
 p - 4 meat rations
 u - 4 fruits


   Skills:
 * Level 7.8 Fighting
 + Level 4.7 Maces & Flails
 + Level 6.6 Polearms
 * Level 6.4 Armour
 - Level 1.5 Dodging


You had 8 spell levels left.
You didn't know any spells.

Dungeon Overview and Level Annotations

Branches:
Dungeon (8/15)             Temple (0/1) D:5            Lair (0/6) D:8

Altars:
Cheibriados
Elyvilon
Gozag
Hepliaklqana
Nemelex Xobeh
Sif Muna

Shops:
D:6 ?   D:8 [


Innate Abilities, Weirdness & Mutations

You are resistant to torment.
Your stone body is resilient. (AC +5)
You are immune to poison.
You resist negative energy. (rN+)
You are resistant to electric shocks. (rElec)
You can survive without breathing.
You are immune to petrification.
You are immune to rotting.


Message History

The acid dragon bites you but does no damage.
The acid dragon claws you but does no damage.
The acid dragon spits acid at you. The splash of acid hits you!
You are splashed with acid!
The acid burns!
The ogre barely misses you.
You slash the acid dragon!
You kill the acid dragon!
Trog accepts your kill. The ogre closely misses you.
You slash the ogre!
The ogre is moderately wounded.
The ogre barely misses you.
You completely miss the ogre.
The ogre is moderately wounded.
The ogre hits you with a giant club! x2
* * * LOW HITPOINT WARNING * * *
You slash the ogre!
The ogre is almost dead.
The ogre hits you with a giant club!!
You die...

*,,,,,,,#.# *,* *,***
*,,*,**,#.# *######*,*****,***
*,,#.##.#.###......,,,,,,,,,,,
*,.........<..#*******,,,,,,**
*,##.##.####.## ***,**,,,,,
*,**,*#.* #.# *,,,,,***,*
*,,,,,.,* #.# *,***,* *,*
****,##** #.### *,* *,* *,*
*,* ****#.@O#****,***,* *,*
*,* #.............,,,,* *,*
*,* #.#####.#####.*,*** *,,
*,***,*** *.# *,*,* **,
*,,,,,,,* *.# *,*,* *,
*****,*,* *.# *,*,* *, *,*,*
*.#****,*,* *, *,*,*
*..,,,*,*,* *, ****,*,*
*****,*,*,******,


You could see an ogre.

Vanquished Creatures
  Sigmund (D:2)
  An acid dragon (D:8)
  2 water moccasins
  The ghost of Whitewater the Cudgeler, an amateur MiBe of Trog (D:3)
  A sky beast (D:5)
  An ice beast (D:5)
  An ogre (D:7)
  2 centaurs (D:7)
  2 bullfrogs (D:6)
  2 scorpions (D:4)
  A water moccasin skeleton (D:7)
  2 howler monkeys (D:7)
  2 crimson imps (D:6)
  2 bullfrog zombies
  2 hounds (D:7)
  2 jellies (D:6)
  2 centaur skeletons
  Crazy Yiuf (D:2)
  Jessica (D:2)
  3 orc wizards
  4 worker ants
  A hound zombie (D:6)
  Robin (D:2)
  4 gnolls (D:3)
  3 adders
  An ooze (D:7)
  A worm (D:2)
  A dart slug (D:2)
  5 leopard geckos
  9 orcs
  5 bats
  3 giant cockroaches
  15 goblins
  8 hobgoblins
  7 jackals
  4 quokkas
  A ball python (D:2)
  6 frilled lizards
  2 kobolds (D:1)
  A leopard gecko zombie (D:7)
  5 rats
  3 fungi (D:2)
122 creatures vanquished.

Vanquished Creatures (others)
  A quokka (D:2)
1 creature vanquished.

Grand Total: 123 creatures vanquished

Notes
Turn   | Place    | Note
-------+----------+-------------------------------------------
     0 | D:1      | Nattfarinn the Gargoyle Berserker began the quest for the Orb.
     0 | D:1      | Reached XP level 1. HP: 14/14 MP: 1/1
   384 | D:1      | Reached XP level 2. HP: 20/20 MP: 2/2
   603 | D:2      | Found a white marble altar of Elyvilon.
   620 | D:2      | Noticed Jessica
   628 | D:2      | Noticed Robin
   628 | D:2      | Killed Jessica
   628 | D:2      | Reached skill level 4 in Fighting
   628 | D:2      | Reached XP level 3. HP: 17/24 MP: 3/3
   641 | D:2      | Killed Robin
   662 | D:2      | Reached XP level 4. HP: 15/30 MP: 4/4
   872 | D:2      | Noticed Sigmund
   882 | D:2      | Killed Sigmund
   882 | D:2      | Reached skill level 5 in Fighting
   882 | D:2      | Reached XP level 5. HP: 35/35 MP: 5/5
  1020 | D:2      | Reached ** piety under Trog
  1020 | D:2      | Reached XP level 6. HP: 31/40 MP: 6/6
  1143 | D:2      | Found a sparkling altar of Nemelex Xobeh.
  1259 | D:2      | Found a runed door.
  1263 | D:2      | Noticed Crazy Yiuf
  1266 | D:2      | Killed Crazy Yiuf
  1396 | D:3      | Found a deep blue altar of Sif Muna.
  1446 | D:3      | Noticed Whitewater's ghost (amateur MiBe)
  1465 | D:3      | Killed Whitewater's ghost
  1465 | D:3      | Reached skill level 1 in Polearms
  1837 | D:3      | Reached XP level 7. HP: 37/44 MP: 7/7
  1975 | D:3      | Found a hazy altar of Hepliaklqana.
  2506 | D:5      | Entered Level 5 of the Dungeon
  2519 | D:5      | Found an opulent altar of Gozag.
  2544 | D:5      | Reached skill level 5 in Armour
  2630 | D:5      | Reached skill level 6 in Fighting
  2673 | D:5      | Found a staircase to the Ecumenical Temple.
  2726 | D:5      | You fall through a shaft!
  2758 | D:6      | Reached XP level 8. HP: 37/52 MP: 8/8
  2890 | D:6      | Found Ifepeis's Magic Scroll Boutique.
  2894 | D:6      | Bought a scroll of identify for 26 gold pieces
  2894 | D:6      | Bought a scroll of enchant weapon for 97 gold pieces
  2894 | D:6      | Bought a scroll of enchant weapon for 97 gold pieces
  3125 | D:6      | Reached *** piety under Trog
  3213 | D:7      | Reached skill level 7 in Fighting
  3259 | D:7      | Reached skill level 5 in Polearms
  3350 | D:7      | Found a snail-covered altar of Cheibriados.
  3647 | D:7      | Reached XP level 9. HP: 43/57 MP: 9/9
  4072 | D:8      | Found Toecs's Armour Shop.
  4148 | D:8      | Mangled by an ogre

Skill      XL: |  1  2  3  4  5  6  7  8 |
---------------+-------------------------+-----
Fighting       | 4 5 6 7 |  7.8
Maces & Flails | 4 |  4.7
Armour         | 3 4 5 6 |  6.4
Polearms       | 1 3 6 |  6.6
Dodging        | |  1.5

Action                   |  1- 3 |  4- 6 |  7- 9 || total
-------------------------+-------+-------+-------++-------
Melee: Mace              |    65 |    37 |       ||   102
       Scythe            |       |   134 |   204 ||   338
Invok: Berserk           |     1 |     3 |     1 ||     5
  Use: Scroll            |       |       |     9 ||     9
  Eat: Chunk             |       |     8 |     8 ||    16
Armor: Chain mail        |    42 |   172 |    11 ||   225
       Leather armour    |       |       |   164 ||   164
Dodge: Dodged            |    35 |   126 |   163 ||   324
